 Dungeon Crawl Stone Soup version 0.26.1-11-gd32895ea62 (webtiles) character file.

Game seed: 16353979943483544344

45081 ubername the Frost Mage (level 14, 0/98 HPs)
             Began as a Barachi Ice Elementalist on July 20, 2021.
             Was a High Priest of Vehumet.
             Slain by a vampire mosquito (2 damage)
             ... while petrified by a basilisk
             ... on level 14 of the Dungeon.
             The game lasted 01:42:31 (28053 turns).

ubername the Frost Mage (Barachi Ice Elementalist) Turns: 28053, Time: 01:42:32

Health: 0/98       AC: 20    Str:  9    XL:     14   Next: 31%
Magic:  15/28      EV:  2    Int: 21    God:    Vehumet [*****.]
Gold:   943        SH:  0    Dex: 13    Spells: 4/34 levels left

rFire    . . .     SeeInvis .   a - +2 Maxwell's thermic engine {flame, freeze}
rCold    . . .     Faith    .   (no shield)
rNeg     + + +     Spirit   .   t - +2 robe {Archmagi}
rPois    ∞         Reflect  .   q - +1 helmet
rElec    .         Harm     .   H - +1 cloak {Stlth+}
rCorr    +         Rampage  .   x - +0 pair of gloves
Will     +....                  (no boots)
Stlth    +++.......             G - amulet of magic regeneration
HPRegen  0.26/turn              z - ring of resist corrosion
MPRegen  0.46/turn              M - +4 ring of evasion

@: icy armour, petrified, can't hop, frozen ramparts, slow
A: +LOS, swims, slowness 1, strong legs 2
a: Hop, Renounce Religion


You were on level 14 of the Dungeon.
You worshipped Vehumet.
Vehumet was extremely pleased with you.
You visited 3 branches of the dungeon, and saw 17 of its levels.
You also visited: Sewer.

You collected 1778 gold pieces.
You spent 835 gold pieces at shops.

Inventory:

Hand Weapons
 a - the +2 Maxwell's thermic engine (weapon) {flame, freeze}
   (You found it on level 10 of the Dungeon)

   It has been specially enchanted to burn those struck by it, causing extra
   injury to most foes and up to half again as much damage against particularly
   susceptible opponents.
   Big, fiery blades are also staple armaments of hydra-hunters.
   It has been specially enchanted to freeze those struck by it, causing extra
   injury to most foes and up to half again as much damage against particularly
   susceptible opponents.
 b - a +5 short sword of draining
 i - a +2 dagger of venom
 s - a +0 dagger of electrocution
 U - the +9 scimitar "Dimnuets" {protect, +Rage rElec rF+ Stlth-}
   (You bought it in a shop on level 2 of the Orcish Mines)

   It grants its wielder temporary protection when it strikes (+7 to AC).
   It protects you from fire.
   It insulates you from electricity.
   It lets you go berserk.
   It makes you less stealthy.
Missiles
 c - 99 sling bullets
 d - 16 boomerangs
 f - 10 poisoned darts (quivered)
 A - 4 curare-tipped darts
Armour
 q - a +1 helmet (worn)
 t - a +2 robe of the Archmagi (worn)
 x - a +0 pair of gloves (worn)
 E - a +2 robe of willpower
 H - a +1 cloak of stealth (worn)
Magical Staves
 h - an uncursed staff of air
Jewellery
 y - an uncursed amulet of reflection
 z - a ring of resist corrosion (left hand)
 G - an amulet of magic regeneration (around neck)
 M - a +4 ring of evasion (right hand)
Wands
 e - a wand of flame (38)
 l - a wand of disintegration (7)
 F - a wand of iceblast (3)
 I - a wand of paralysis (12)
 L - a wand of polymorph (8)
 O - a wand of digging (10)
 R - a wand of acid (6)
 T - a wand of enslavement (9)
Scrolls
 g - 7 scrolls of remove curse
 j - a scroll of enchant weapon
 k - 5 scrolls of fear
 n - 2 scrolls of amnesia
 r - 5 scrolls of identify
 D - a scroll of silence
 K - 3 scrolls of teleportation
 N - a scroll of vulnerability
 Q - a scroll of blinking
 S - a scroll of fog
Potions
 m - 5 potions of curing
 o - a potion of cancellation
 p - 4 potions of berserk rage
 u - 2 potions of magic
 v - a potion of brilliance
 w - 2 potions of haste
 B - a potion of heal wounds
 C - 7 potions of flight
 J - a potion of ambrosia


   Skills:
 - Level 5.2 Fighting
 - Level 7.4(9.3) Short Blades
 * Level 9.6(10.8) Long Blades
 + Level 8.1 Throwing
 + Level 7.4 Dodging
 + Level 5.5 Stealth
 - Level 10.5 Spellcasting
 * Level 10.1 Conjurations
 * Level 5.8 Hexes
 * Level 5.9 Fire Magic
 - Level 11.9 Ice Magic
 + Level 1.0 Air Magic
 - Level 2.3 Earth Magic
 + Level 2.2 Evocations


You had 4 spell levels left.
You knew the following spells:

 Your Spells              Type           Power        Failure   Level
a - Freeze                Ice            100%         1%          1
b - Frozen Ramparts       Ice            100%         1%          3
c - Ozocubu's Armour      Ice            75%          1%          3
d - Metabolic Englaciati  Hex/Ice        32%          4%          5
e - Hailstorm             Conj/Ice       72%          1%          4
f - Shock                 Conj/Air       100%         1%          1
g - Stone Arrow           Conj/Erth      100%         1%          3
h - Fulminant Prism       Conj/Hex       30%          1%          4
i - Starburst             Conj/Fire      30%          10%         6

Your spell library contained the following spells:

 Spells                   Type           Power        Failure   Level
 Lee's Rapid Deconstruct  Erth           15%          17%         5
 Corona                   Hex            57%          1%          1
 Ensorcelled Hibernation  Hex/Ice        100%         1%          2
 Confusing Touch          Hex            52%          1%          3
 Dazzling Flash           Conj/Hex       100%         1%          3
 Tukima's Dance           Hex            52%          1%          3
 Summon Ice Beast         Ice/Summ       53%          5%          4
 Animate Skeleton         Necr           32%          6%          1
 Apportation              Tloc           32%          6%          1
 Pain                     Necr           64%          6%          1
 Summon Small Mammal      Summ           64%          6%          1
 Gell's Gravitas          Tloc           8%           19%         3
 Vampiric Draining        Necr           8%           19%         3
 Petrify                  Tmut/Erth      23%          36%         4
 Animate Dead             Necr           8%           52%         4
 Yara's Violent Unravell  Hex/Tmut       17%          13%         5
 Simulacrum               Ice/Necr       26%          63%         6
 Borgnjor's Vile Clutch   Necr/Erth      11%          71%         5
 Agony                    Necr           16%          86%         5
 Death Channel            Necr           8%           100%        6


Dungeon Overview and Level Annotations

Branches:
Dungeon (14/15)            Temple (1/1) D:4            Lair (0/6) D:11
    Orc (2/2) D:10            Elf (0/3) Orc:2         Sewer (visited)
 Vaults: D:13-14

Altars:
Ashenzari
Cheibriados
Dithmenos
Elyvilon
Fedhas
Gozag
Hepliaklqana
Kikubaaqudgha
Makhleb
Nemelex Xobeh
Okawaru
Qazlal
Ru
Sif Muna
Trog
Uskayaw
Vehumet
Wu Jian
Xom
Yredelemnul
Zin
The Shining One

Shops:
D:4 *   D:11 *   D:13 :(   Orc:2 (!?(

Annotations:
D:13 2 transporters, dtburroughs's ghost, journeyman MiBe


Innate Abilities, Weirdness & Mutations

You can be seen from farther away. (+LOS)
You can swim through water.
You cover ground slowly.
You can hop long distances.


Message History

* * * LOW HITPOINT WARNING * * *
The vampire mosquito draws strength from your injuries!
The wall freezes the yak.
The yak gores you but does no damage. The vampire mosquito barely misses you.
The wall freezes the vampire mosquito.
The vampire mosquito bites you.
* * * LOW HITPOINT WARNING * * *
The vampire mosquito draws strength from your injuries!
A yak comes into view.
The wall freezes the yak.
The yak gores you.
* * * LOW HITPOINT WARNING * * *
You have turned to stone.
The vampire mosquito bites you but does no damage.
The wall freezes the vampire mosquito.
The vampire mosquito bites you!
* * * LOW HITPOINT WARNING * * *
The vampire mosquito bites you but does no damage.
The wall freezes the vampire mosquito.
The vampire mosquito bites you but does no damage.
The wall freezes the yak!
The yak gores you but does no damage. The vampire mosquito bites you.
You die...

♣..# ♣..#
♣..# ♣..#
♣..# # ♣..#
#.♣♣♣♣♣♣♣♣..#
+.Y..y......#
#..Y@y......#
#############
..
##.########
..........#
..(.......#
..........#


You could see 2 yaks and 2 vampire mosquitoes.

Vanquished Creatures
  A stone giant (Orc:2)
  2 hydras (D:13)
  3 centaur warriors
  A dancing weapon (D:14)
  4 ogre magi (Orc:2)
  17 two-headed ogres
  A tengu warrior (D:14)
  An unseen horror (D:13)
  A deep elf mage (D:10)
  4 orc knights
  An ugly thing (D:11)
  4 orc sorcerers
  A manticore (D:14)
  Maurice (D:12)
  A gargoyle (D:11)
  A komodo dragon (D:11)
  Grinder (D:6)
  2 trolls
  A shadow (D:13)
  27 yaks
  A vampire (D:10)
  A wraith (D:14)
  A basilisk (D:14)
  A steam dragon (D:9)
  4 wyverns
  2 wargs
  Edmund (D:4)
  A soldier ant (D:9)
  2 water moccasins
  Purgy (Sewer)
  Duvessa (D:4)
  An eye of draining (shapeshifter) (D:13)
  23 orc warriors
  2 sky beasts
  7 ice beasts
  2 black bears
  3 phantoms
  3 centaurs
  34 ogres
  4 boggarts (D:13)
  2 big kobolds
  9 bullfrogs
  An earth elemental (D:11)
  3 wyvern skeletons
  Dowan (D:4)
  A water moccasin skeleton (D:8)
  8 scorpions
  20 killer bees
  27 wights
  9 howler monkeys
  A centaur zombie (D:7)
  8 hounds
  10 jellies
  2 quasits
  2 bullfrog zombies
  17 orc priests
  2 centaur skeletons
  2 bullfrog skeletons
  10 worker ants
  6 iguanas
  27 orc wizards
  2 worker ant zombies
  6 gnolls (D:6)
  11 adders
  2 river rats (D:5)
  2 shadow imps
  5 white imps
  2 ufetubi
  An ooze (D:1)
  An adder zombie (D:7)
  2 adder skeletons
  3 worms
  7 leopard geckos
  99 orcs
  9 bats
  6 giant cockroaches
  13 goblins
  12 hobgoblins
  7 jackals
  16 kobolds
  3 quokkas
  4 ball pythons
  9 frilled lizards
  A leopard gecko skeleton (D:7)
  6 rats
567 creatures vanquished.

Vanquished Creatures (others)
  A shadow (D:13)
  An orc (Orc:2)
  22 fulminant prisms
  7 fungi (D:11)
  44 plants
75 creatures vanquished.

Grand Total: 642 creatures vanquished

Notes
Turn   | Place    | Note
-------+----------+-------------------------------------------
     0 | D:1      | ubername the Barachi Ice Elementalist began the quest for
                  | the Orb.
     0 | D:1      | Reached XP level 1. HP: 13/13 MP: 3/3
   249 | D:1      | Reached skill level 5 in Ice Magic
   320 | D:1      | Reached XP level 2. HP: 19/19 MP: 1/5
   785 | D:1      | Reached skill level 1 in Throwing
  1605 | D:2      | Reached XP level 3. HP: 24/24 MP: 4/6
  1628 | D:2      | Learned a level 3 spell: Frozen Ramparts
  1632 | D:2      | Learned a level 3 spell: Ozocubu's Armour
  2265 | D:2      | Reached XP level 4. HP: 16/30 MP: 0/8
  3245 | D:3      | Reached XP level 5. HP: 18/35 MP: 2/10
  4180 | D:3      | Found a faded altar of an unknown god.
  4346 | D:3      | Reached XP level 6. HP: 41/42 MP: 4/11
  4570 | D:4      | Noticed Dowan
  4590 | D:4      | Killed Dowan
  4590 | D:4      | Noticed Duvessa
  4598 | D:4      | Killed Duvessa
  4599 | D:4      | Reached skill level 6 in Ice Magic
  4857 | D:4      | Reached XP level 7. HP: 47/47 MP: 7/14
  5091 | D:4      | Reached skill level 1 in Short Blades
  5091 | D:4      | Reached skill level 5 in Spellcasting
  5259 | D:4      | Found a staircase to the Ecumenical Temple.
  5267 | Temple   | Entered the Ecumenical Temple
  5590 | D:4      | Reached skill level 1 in Fighting
  5870 | D:4      | Found Ysodarr's Assorted Antiques.
  5871 | D:4      | Noticed Edmund
  5880 | D:4      | Killed Edmund
  5881 | D:4      | Reached skill level 7 in Ice Magic
  5881 | D:4      | Reached XP level 8. HP: 42/54 MP: 9/16
  6041 | D:4      | Bought 2 bubbling green potions for 43 gold pieces
  6041 | D:4      | Bought a tubular ivory ring for 120 gold pieces
  6041 | D:4      | Bought a sapphire potion for 21 gold pieces
  6041 | D:4      | Bought a scroll labelled YFIS ITO NUEDEMP for 24 gold
                  | pieces
  6041 | D:4      | Bought a wand of flame (18) for 24 gold pieces
  6394 | D:5      | Entered Level 5 of the Dungeon
  6608 | D:5      | Found a glowing drain.
  6621 | Sewer    | Entered a sewer
  6665 | Sewer    | Noticed Purgy
  6680 | Sewer    | Killed Purgy
  7310 | D:5      | Reached skill level 8 in Ice Magic
  7455 | D:5      | Found a broken altar of Ashenzari.
  7801 | D:6      | Reached XP level 9. HP: 39/61 MP: 18/18
  7920 | D:6      | Noticed Grinder
  7933 | D:6      | Paralysed by Grinder for 6 turns
  7953 | D:6      | Killed Grinder
  8388 | D:6      | Found a snail-covered altar of Cheibriados.
  9038 | D:7      | Reached skill level 5 in Short Blades
  9146 | D:7      | Reached skill level 5 in Dodging
  9501 | D:7      | Found a glowing golden altar of the Shining One.
  9582 | D:7      | Reached skill level 5 in Throwing
  9789 | D:7      | Reached XP level 10. HP: 66/70 MP: 16/20
  9807 | D:7      | Reached skill level 9 in Ice Magic
 10258 | D:7      | Got a bloodstained short sword
 10270 | D:7      | Identified the cursed +1 short sword of Extinguishment
                  | {antimagic, rF+ Int+3 Stlth+} (You found it on level 7 of
                  | the Dungeon)
 10426 | D:7      | Found a radiant altar of Vehumet.
 10437 | D:7      | Became a worshipper of Vehumet
 10574 | D:8      | Learned a level 5 spell: Metabolic Englaciation
 11038 | D:8      | Learned a level 4 spell: Hailstorm
 11294 | D:8      | Noticed a two-headed ogre
 11309 | D:8      | Found a stormy altar of Qazlal.
 11310 | D:8      | Found a shimmering blue altar of Sif Muna.
 11768 | D:8      | Killed a two-headed ogre
 12160 | D:9      | Reached * piety under Vehumet
 12160 | D:9      | Offered knowledge of Shock by Vehumet.
 12167 | D:9      | Learned a level 1 spell: Shock
 12333 | D:9      | Reached skill level 10 in Ice Magic
 13023 | D:9      | Reached XP level 11. HP: 77/77 MP: 8/23
 13525 | D:9      | Offered knowledge of Foxfire by Vehumet.
 13602 | D:9      | Reached ** piety under Vehumet
 14228 | D:10     | Entered Level 10 of the Dungeon
 14247 | D:10     | Reached skill level 5 in Stealth
 14250 | D:10     | Reached skill level 1 in Conjurations
 14372 | D:10     | Offered knowledge of Stone Arrow by Vehumet.
 14385 | D:10     | Learned a level 3 spell: Stone Arrow
 14387 | D:10     | Found a shadowy altar of Dithmenos.
 14405 | D:10     | Found a staircase to the Orcish Mines.
 14621 | D:10     | Reached skill level 1 in Long Blades
 14722 | D:10     | Found the +2 Maxwell's thermic engine {flame, freeze}
 14763 | D:10     | Noticed a two-headed ogre
 14771 | D:10     | Killed a two-headed ogre
 14771 | D:10     | Reached *** piety under Vehumet
 14967 | D:10     | Reached skill level 11 in Ice Magic
 15058 | D:10     | Noticed a deep elf mage
 15142 | D:10     | Killed a deep elf mage
 15827 | D:11     | Offered knowledge of Sticky Flame by Vehumet.
 15828 | D:11     | Reached skill level 1 in Evocations
 15836 | D:11     | Noticed a red ugly thing
 15849 | D:11     | Killed a red ugly thing
 16017 | D:11     | Found a staircase to the Lair.
 16515 | D:11     | Found Zialliko's Pet Rocks.
 16536 | D:11     | Reached skill level 5 in Fighting
 16536 | D:11     | Reached skill level 10 in Spellcasting
 16536 | D:11     | Reached skill level 1 in Hexes
 17065 | D:11     | Reached XP level 12. HP: 86/86 MP: 19/26
 17073 | D:11     | Reached skill level 1 in Earth Magic
 17074 | D:11     | Reached **** piety under Vehumet
 17291 | D:11     | Offered knowledge of Fulminant Prism by Vehumet.
 17297 | D:11     | Learned a level 4 spell: Fulminant Prism
 18263 | D:12     | Reached ***** piety under Vehumet
 18384 | D:12     | Noticed a two-headed ogre
 18394 | D:12     | Killed a two-headed ogre
 18394 | D:12     | Offered knowledge of Starburst by Vehumet.
 18402 | D:12     | Learned a level 6 spell: Starburst
 19063 | D:12     | Noticed Maurice
 19089 | D:12     | Killed Maurice
 19090 | D:12     | Reached skill level 1 in Fire Magic
 19407 | D:13     | Noticed a centaur warrior
 19411 | D:13     | Killed a centaur warrior
 19501 | D:13     | Found Baeramab's Weapon Boutique.
 19504 | D:13     | Reached skill level 5 in Long Blades
 19795 | D:4      | Bought a leatherbound book for 360 gold pieces
 20098 | D:13     | Found a transporter.
 20101 | D:13     | Noticed dtburroughs's ghost (journeyman MiBe)
 20132 | D:13     | Found a transporter.
 20142 | D:13     | Found Kulut's Book Boutique.
 20154 | D:13     | Noticed a centaur warrior
 20169 | D:13     | Noticed a two-headed ogre
 20170 | D:13     | Noticed a centaur warrior
 20880 | D:13     | Killed a centaur warrior
 21397 | D:13     | Noticed a six-headed hydra
 21399 | D:13     | Reached skill level 5 in Conjurations
 21419 | D:13     | Killed a five-headed hydra
 23012 | Orc:1    | Entered Level 1 of the Orcish Mines
 23377 | Orc:1    | Gained mutation: You can hop long distances. [Barachi
                  | growth]
 23377 | Orc:1    | Reached XP level 13. HP: 45/91 MP: 17/27
 24292 | Orc:2    | Entered Level 2 of the Orcish Mines
 24619 | Orc:2    | Noticed a stone giant
 24771 | Orc:2    | Offered knowledge of Lee's Rapid Deconstruction by Vehumet.
 25466 | Orc:2    | Killed a stone giant
 25472 | Orc:2    | Reached skill level 1 in Air Magic
 25644 | Orc:2    | Reached skill level 5 in Hexes
 25676 | Orc:2    | Reached skill level 5 in Fire Magic
 25835 | Orc:2    | Found a staircase to the Elven Halls.
 25915 | Orc:2    | Reached XP level 14. HP: 39/98 MP: 15/28
 26652 | Orc:2    | Found Loduass's Distillery.
 26652 | Orc:2    | Found Mahiochu's Antique Weapon Boutique.
 26656 | Orc:2    | Found Qaer's Antique Weapon Shop.
 26656 | Orc:2    | Found Niebel's Magic Scroll Shoppe.
 26670 | Orc:2    | Bought a crude scimitar for 243 gold pieces
 26691 | Orc:2    | Identified the +9 scimitar "Dimnuets" {protect, +Rage rElec
                  | rF+ Stlth-} (You bought it in a shop on level 2 of the
                  | Orcish Mines)
 27462 | D:14     | Reached skill level 10 in Conjurations
 28052 | D:14     | HP: 1/98 [vampire mosquito (6)]
 28053 | D:14     | Slain by a vampire mosquito

Illustrated notes

Levels and vault maps discovered:
D:1:      onia_arrival_mini_spirals, layout_basic, serial_forest,
          infiniplex_forest_lined_3_way, infiniplex_forest_end_3,
          infiniplex_forest_clump_medium, infiniplex_forest_clump_medium,
          infiniplex_forest_clump_medium, infiniplex_forest_corner_1,
          infiniplex_forest_clump_small, infiniplex_forest_lined_corner,
          chequers_serial_rivers_small_3
D:2:      layout_loops_ring, serial_bayou, serial_bayou_shore_a,
          serial_bayou_lake_a, serial_bayou_pond_d, serial_bayou_pond_e
D:3:      layout_basic, chequers_ecumenical_altar_simple,
          minmay_misc_feat_four_crosses
D:4:      layout_basic, minmay_temple_entry_drinking_statues, serial_shops,
          nicolae_shop_window_shopping, uniq_edmund, uniq_duvessa
D:5:      layout_basic, kennysheep_little_box, gup_sewer_entry_bubbles,
          minmay_misc_feat_secret_circle
D:6:      corexii_shantytown, layout_rooms, lemuel_crystal_altar, uniq_grinder
D:7:      cheibrodos_two_vegetables, layout_loops_ring, tso_metal_star,
          lemuel_doored_altar, hex_medium
D:8:      layout_cave_pools, gammafunk_temple_overflow_pools, enter_ossuary_5
D:9:      layout_stronghold
D:10:     layout_irregular_city, orc_0_dummy, basic_altar
D:11:     layout_gridville, grunt_lair_entry_orc_guard_hut,
          kennysheep_decorative_pillar, guppyfry_shop_earth
D:12:     layout_irregular_city, uniq_maurice
D:13:     layout_basic, gammafunk_ghost_berserking_beasts, serial_shops,
          nicolae_shop_waterfront, shop
D:14:     layout_roguey, erik_vaults_1, kennysheep_small_spiral,
          columned_hall_lemuel
Temple:   eino_temple_rhombus
Orc:1:    layout_caves, nicolae_orc_lava_room
Orc:2:    st_orc_ogre_mass, layout_diamond_mine, abandoned_shop

Skill      XL: |  1  2  3  4  5  6  7  8  9 10 11 12 13 14 |
---------------+-------------------------------------------+-----
Ice Magic      | 5 6 7 8 10 11 | 11.9
Throwing       | 1 2 3 4 5 6 7 8 |  8.1
Stealth        | 2 3 4 5 |  5.5
Spellcasting   | 3 4 5 6 7 8 10 | 10.5
Dodging        | 3 4 5 6 7 |  7.4
Short Blades   | 1 3 5 7 |  7.4
Fighting       | 1 2 3 4 5 |  5.2
Conjurations   | 2 5 9 10 | 10.1
Long Blades    | 4 6 8 9 |  9.6
Evocations     | 1 2 |  2.2
Hexes          | 1 3 5 |  5.8
Earth Magic    | 2 |  2.3
Fire Magic     | 3 5 |  5.9
Air Magic      | 1 |  1.0

Action                   |  1- 3 |  4- 6 |  7- 9 | 10-12 | 13-15 || total
-------------------------+-------+-------+-------+-------+-------++-------
Melee: Dagger            |    17 |    21 |     4 |       |       ||    42
       Short sword       |       |    17 |   256 |   277 |       ||   550
       Double sword      |       |       |       |   115 |    73 ||   188
       Scimitar          |       |       |       |    30 |       ||    30
Throw: Stone             |    79 |    76 |       |     6 |       ||   161
       Dart              |       |    19 |    66 |   156 |    62 ||   303
       Boomerang         |       |       |     3 |    36 |     8 ||    47
 Cast: Freeze            |    30 |    18 |     7 |    13 |    13 ||    81
       Frozen Ramparts   |     2 |    20 |    28 |    80 |     8 ||   138
       Ozocubu's Armour  |     2 |    13 |    21 |    71 |    29 ||   136
       Hailstorm         |       |       |       |    66 |    32 ||    98
       Metabolic Englaci |       |       |       |     9 |     1 ||    10
       Stone Arrow       |       |       |       |    72 |    47 ||   119
       Shock             |       |       |       |    13 |    10 ||    23
       Fulminant Prism   |       |       |       |    17 |     5 ||    22
       Starburst         |       |       |       |       |     8 ||     8
 Abil: Hop               |     1 |     4 |     3 |     9 |     3 ||    20
Evoke: Wand              |       |     1 |     4 |    20 |    10 ||    35
  Use: Scroll            |     6 |       |     9 |    14 |     4 ||    33
       Potion            |       |       |    12 |     7 |     3 ||    22
 Stab: Sleeping          |       |     1 |    14 |     4 |     2 ||    21
Armor: Robe              |    13 |    18 |    53 |   149 |    40 ||   273
Dodge: Dodged            |    29 |    47 |   165 |   442 |   127 ||   810
       Rpst.: Double sword |       |       |       |    44 |    31 ||    75
       Scimitar          |       |       |       |    13 |       ||    13
